 Dungeon Crawl Stone Soup version 0.32-a0-666-ge8a88695a4 (webtiles) character file.

Game seed: 4717730186918675864

99 backslashecho the Slasher (level 4, -4/40 HPs)
             Began as a Draconian Monk on Mar 9, 2024.
             Killed from afar by Natasha (7 damage)
             ... with a puff of flame
             ... on level 3 of the Dungeon.
             The game lasted 00:04:45 (1967 turns).

backslashecho the Slasher (Draconian Monk)          Turns: 1967, Time: 00:04:46

Health: -4/40      AC:  5    Str: 14    XL:     4   Next: 45%
Magic:  4/4        EV: 13    Int: 10    God:
Gold:   200        SH:  0    Dex: 15    Spells: 3/3 levels left

rFire   . . .        a - +0 falchion
rCold   . . .        c - orb {light}
rNeg    . . .        (body armour unavailable)
rPois   .            (helmet restricted)
rElec   .            (no cloak)
rCorr   .            (no gloves)
SInv    .            (no boots)
Will    .....        (no amulet)
Stlth   +            (no ring)
HPRegen 0.26/turn    (no ring)
MPRegen 0.09/turn

%: no passive effects
@: hasted, glowing, very quick
A: AC +5, unfitting armour, cold-blooded
a: no special abilities


You were on level 3 of the Dungeon.
You visited 1 branch of the dungeon, and saw 3 of its levels.

You collected 200 gold pieces.

Inventory:

Hand Weapons
 a - a +0 falchion (weapon)
Armour
 c - an orb of light (worn)
Scrolls
 d - 2 scrolls of immolation {unknown}
 e - a scroll of enchant armour {unknown}
 h - 2 scrolls of poison {unknown}
 i - a scroll of revelation {unknown}
 j - a scroll of fog {unknown}
 k - a scroll of amnesia {unknown}
 m - a scroll of teleportation {unknown}
 r - a scroll of blinking {unknown}
Potions
 b - a potion of ambrosia
 f - 3 potions of attraction {unknown}
 g - a potion of brilliance {unknown}
 l - 2 potions of haste
 n - 2 potions of enlightenment {unknown}
 o - 2 potions of curing {unknown}
 p - 3 potions of heal wounds {unknown}
 q - a potion of resistance {unknown}


   Skills:
 + Level 4.0 Fighting
 * Level 4.3 Long Blades
 + Level 3.3 Dodging


You had 3 spell levels left.
You didn't know any spells.
Your spell library was empty.

Dungeon Overview and Level Annotations

Branches:
Dungeon (3/15)

Altars:
Hepliaklqana
Kikubaaqudgha
Qazlal
Zin

Shops:
D:2 :*

Annotations:
D:3 Natasha


Innate Abilities, Weirdness & Mutations

Your plain brown scales are hard. (AC +5)
You cannot fit into any form of body armour.
You are cold-blooded and may be slowed by cold attacks.


Message History

You kill the bat!
No target in view!
No target in view!
Found an ancient bone altar of Kikubaaqudgha.
You open the door.
There is an open door here.
A kobold comes into view. It is wielding a +0 dagger.
Found an orange potion.
The kobold shouts!
Found 8 gold pieces.
You barely miss the kobold. The kobold hits you but does no damage.
You hit the kobold.
You kill the kobold!
No target in view!
Found a robe.
Found a stormy altar of Qazlal.
You now have 177 gold pieces (gained 8).
You hear the brisk rusting of a very distant drain.
f - 3 orange potions (gained 1)
Things that are here:
a +0 dagger; a kobold corpse You open the door.
There is an open door here.
You now have 186 gold pieces (gained 9).
Found a glowing silver altar of Zin.
r - a scroll labelled FEDEMO FAD RIME You open the door.
There is an open door here.
Natasha and a bat come into view.
Natasha is carrying a wand of flame.
Natasha hisses angrily.
There are monsters nearby!
There are monsters nearby!
There is an open door here.
You slash the bat!
You kill the bat!
You hit Natasha.
You tail-slap Natasha, but do no damage.
Natasha is lightly wounded.
You hear the brisk rusting of a very distant drain.
Natasha claws you.
You take 3 damage, and have 37/40 hp.
You hit Natasha.
Natasha is moderately wounded.
Natasha casts a spell.
You closely miss Natasha.
Natasha is moderately wounded.
Natasha zaps a wand.
The puff of flame misses you.
You hit Natasha.
Natasha is heavily wounded.
Natasha barely misses you. The cerulean imp misses you.
Natasha casts a spell at you. You resist with some effort.
You slash Natasha!
You kill Natasha!
Natasha screams in pain as she dies!
The cerulean imp disappears in a puff of smoke!
Your Fighting skill increases to level 4!
No target in view!
l - 3 ruby potions (gained 1)
Found a hazy altar of Hepliaklqana.
Health restored: 40 You now have 200 gold pieces (gained 14).
Natasha, Servant of Life and Death comes into view.
She is carrying a wand of flame.
Natasha hisses angrily.
Natasha casts a spell at you. The magic dart hits you!
You see here a wand of flame (10).
You take 7 damage, and have 33/40 hp.
You hear the brisk rusting of a very distant drain.
Natasha zaps a wand.
The puff of flame hits you!
You take 10 damage, and have 24/40 hp.
MASSIVE DAMAGE!!
You start resting.
Natasha zaps a wand.
The puff of flame hits you!
You take 6 damage, and have 19/40 hp.
Natasha zaps a wand.
The puff of flame hits you!
* * * LOW HITPOINT WARNING * * *
You take 8 damage, and have 11/40 hp.
You slash Natasha!
Natasha is heavily wounded.
Natasha zaps a wand.
The puff of flame hits you!
* * * LOW HITPOINT WARNING * * *
You take 8 damage, and have 3/40 hp.
It was a potion of haste.
You feel yourself speed up. Natasha claws you but does no damage.
Unknown command.
Unknown command.
Okay, then.
Okay, then.
You are too injured to fight recklessly!
You hit Natasha.
Natasha is almost dead.
You barely miss Natasha.
Natasha is almost dead.
Natasha casts a spell at you.
The magic dart hits you but does no damage.
You hit Natasha but do no damage.
Natasha is almost dead.
Natasha zaps a wand.
The puff of flame hits you!
You die...
Natasha begins licking her fur clean.

##################
........./.....h.#
.....###########@#
.....# #.###
.....####### #....#
.....#.....# #....#
#####......#####....#
..#.................##
..#...####............
._#_..# #............
#######.##.............


You could see Natasha.

Vanquished Creatures
  Natasha (D:3)
  2 adders
  2 ribbon worms (D:2)
  A dart slug (D:2)
  6 bats
  5 endoplasms
  3 giant cockroaches
  6 goblins
  6 hobgoblins
  3 quokkas
  2 ball pythons (D:2)
  3 frilled lizards
  3 kobolds
  3 rats
46 creatures vanquished.

Notes
Turn   | Place    | Note
-------+----------+-------------------------------------------
     0 | D:1      | backslashecho the Draconian Monk began the quest for the
                  | Orb.
     0 | D:1      | Reached XP level 1. HP: 19/19 MP: 1/1
   122 | D:1      | Reached XP level 2. HP: 26/26 MP: 2/2
   495 | D:2      | Found a faded altar of an unknown god.
   616 | D:2      | Found Guitet's Book Shoppe.
   706 | D:2      | Reached XP level 3. HP: 30/33 MP: 3/3
  1153 | D:2      | Found Xiujuh's Assorted Antiques.
  1637 | D:3      | Reached XP level 4. HP: 39/40 MP: 4/4
  1828 | D:3      | Found an ancient bone altar of Kikubaaqudgha.
  1845 | D:3      | Found a stormy altar of Qazlal.
  1892 | D:3      | Found a glowing silver altar of Zin.
  1900 | D:3      | Noticed Natasha
  1907 | D:3      | Killed Natasha
  1934 | D:3      | Found a hazy altar of Hepliaklqana.
  1944 | D:3      | Noticed Natasha
  1967 | D:3      | Killed from afar by Natasha

Illustrated notes

Levels and vault maps discovered:
D:1:      dpeg_arrival_court, layout_rooms, hex_tiny
D:2:      layout_basic, hellmonk_ecumenical_altar_crossroads, serial_shops,
          shop, nicolae_shop_trees, minmay_randomly_rotated_circles
D:3:      layout_basic, nicolae_overflow_quartered_altars,
          gup_sewer_entry_spiral, chequers_serial_rivers_micro_a, uniq_natasha

Skill      XL: |  1  2  3  4 |
---------------+-------------+-----
Dodging        | 3 |  3.3
Long Blades    | 4 |  4.3
Fighting       | 4 |  4.0

Action                     |  1- 3 |  4- 6 || total
---------------------------+-------+-------++-------
  Melee: Falchion          |   100 |    21 ||   121
         Tailslap          |     9 |     2 ||    11
    Use: Potion            |       |     1 ||     1
 Armour: Skin              |    50 |    15 ||    65
  Dodge: Dodged            |    76 |    10 ||    86

Table legend: (Time is in decaauts)
 A = Elapsed time spent in this place.
 B = Non-inter-level travel time spent in this place.
 C = Inter-level travel time spent in this place.
 D = Time resting spent in this place.
 E = Time spent auto-exploring this place.
 F = Levels seen in this place.
 G = Mean time per level.
                   A        B        C        D        E       F      G
               +--------+--------+--------+--------+--------+-----+--------+
         Total |   1981 |   1913 |     68 |      9 |   1613 |   3 |  660.3 |
       Dungeon |   1981 |   1913 |     68 |      9 |   1613 |   3 |  660.3 |
               +--------+--------+--------+--------+--------+-----+--------+

Top non-repeatable levels by time:
     D:2: 1116 daAuts
     D:1: 500 daAuts
     D:3: 365 daAuts
